 Dungeon Crawl Stone Soup version 0.28-a0-1159-g27aa881441 (webtiles) character file.

Game seed: 7438173347536743672

312 siradein the Caller (level 6, 0/44 HPs)
             Began as a Vampire Summoner on Dec 16, 2021.
             Succumbed to a killer bee's poison
             ... on level 3 of the Dungeon.
             The game lasted 00:15:38 (3033 turns).

siradein the Caller (Vampire Summoner)              Turns: 3033, Time: 00:15:38

Health: 0/44       AC:  6    Str:  7    XL:     6   Next: 18%
Magic:  3/10       EV: 12    Int: 23    God:
Gold:   140        SH:  0    Dex: 14    Spells: 5/11 levels left

rFire   . . .      SeeInvis +   k - +0 dagger (vamp)
rCold   . . .      Faith    .   (no shield)
rNeg    . . .      Spirit   .   h - +0 leather armour
rPois   .          Reflect  .   e - +0 helmet {Int+3}
rElec   .          Harm     .   j - +0 cloak
rCorr   .          Rampage  .   (no gloves)
Will    .....                   a - +0 pair of boots
Stlth   ++........              (no amulet)
HPRegen 0.34/turn               (no ring)
MPRegen 0.12/turn               (no ring)

@: lethally poisoned (0 -> -29), flying, healing quickly, hasted, very quick
A: alive, fangs 3, see invisible, vampiric 2
a: Exsanguinate


You were on level 3 of the Dungeon.
You visited 1 branch of the dungeon, and saw 4 of its levels.

You collected 140 gold pieces.

Inventory:

Hand Weapons
 c - a +0 long sword
 k - a +0 vampiric dagger (weapon)
Armour
 a - a +0 pair of boots (worn)
 e - a +0 helmet of intelligence (worn)
 h - a +0 leather armour (worn)
 j - a +0 cloak (worn)
Scrolls
 b - a scroll of identify {unknown}
 f - a scroll of brand weapon {unknown}
 i - a scroll of acquirement {unknown}


   Skills:
 + Level 1.7 Fighting
 + Level 2.4 Long Blades
 + Level 3.9 Dodging
 - Level 3.0 Stealth
 + Level 3.2 Spellcasting
 + Level 5.0 Summonings


You had 5 spell levels left.
You knew the following spells:

 Your Spells              Type           Power      Damage    Failure   Level
a - Summon Small Mammal   Summ           100%       N/A       2%          1
b - Call Imp              Summ           26%        N/A       3%          2
c - Call Canine Familiar  Summ           26%        N/A       6%          3

Your spell library contained the following spells:

 Spells                   Type           Power      Damage    Failure   Level
 Summon Guardian Golem    Hex/Summ       15%        N/A       19%         3
 Summon Lightning Spire   Summ/Air       15%        N/A       52%         4


Dungeon Overview and Level Annotations

Branches:
Dungeon (4/15)
 Temple: D:4-7

Altars:

Shops:
D:3 (


Innate Abilities, Weirdness & Mutations

Your natural rate of healing is accelerated.
You have razor-sharp teeth.
You have supernaturally acute eyesight. (SInv)
You are afflicted with vampirism and can become a bat while bloodless.


Message History

* * * LOW HITPOINT WARNING * * *
You are more poisoned.
The killer bee poisons you!
It was a potion of flight.
You feel very buoyant.
You fly up into the air.
* * * LOW HITPOINT WARNING * * *
You feel very sick. The killer bee barely misses you.
The killer bee stings you.
* * * LOW HITPOINT WARNING * * *
You are more poisoned.
The killer bee poisons you!
You feel much better.
You feel very sick. The killer bee misses you. The killer bee stings you.
You are more poisoned.
The killer bee poisons you!
The killer bee stings you but does no damage.
You miss the killer bee. You bite the killer bee.
The killer bee is heavily wounded.
You feel very sick.
The killer bee stings you but does no damage.
The killer bee stings you. x2
You hit the killer bee but do no damage.
The killer bee is heavily wounded.
* * * LOW HITPOINT WARNING * * *
You feel very sick. The killer bee misses you.
The killer bee stings you but does no damage.
You barely miss the killer bee.
The killer bee is heavily wounded.
* * * LOW HITPOINT WARNING * * *
You feel very sick. The killer bee stings you.
* * * LOW HITPOINT WARNING * * *
You are more poisoned.
The killer bee poisons you! The killer bee barely misses you.
You miss the killer bee. You bite the killer bee.
The killer bee is heavily wounded.
You die...

##.###..#
#....#.#
#.####.# #.#
#.# #.# #.#
#.####.#
#....#.#
####y#<#
#@#.# #
########y#.#
#
#....)...#.#
#
#.#######..##
# #.#
##.#<#.## #
#.# #.......#
# #.#
##.#.#.## #
#.# #.......#
#########.#
###.#.#.##


You could see 2 killer bees.

Vanquished Creatures
  A necrophage (D:4)
  Crazy Yiuf (D:3)
  Jessica (D:3)
  An orc wizard (D:4)
  A hound skeleton (D:2)
  3 dart slugs
  5 ball pythons
  4 endoplasms
  A giant cockroach (D:3)
  7 goblins
  7 hobgoblins
  4 jackals (D:2)
  5 kobolds
  A quokka (D:2)
  5 bats
  3 frilled lizards
  3 rats (D:1)
53 creatures vanquished.

Vanquished Creatures (collateral kills)
  2 hounds (D:4)
  An ufetubus (D:4)
  A worm (D:3)
  2 orcs (D:4)
  A hobgoblin (D:4)
  A quokka (D:1)
8 creatures vanquished.

Grand Total: 61 creatures vanquished

Notes
Turn   | Place    | Note
-------+----------+-------------------------------------------
     0 | D:1      | siradein the Vampire Summoner began the quest for the Orb.
     0 | D:1      | Reached XP level 1. HP: 13/13 MP: 3/3
    63 | D:1      | Found a faded altar of an unknown god.
   112 | D:1      | Reached XP level 2. HP: 19/19 MP: 3/5
   194 | D:1      | You fall into a shaft and drop 1 floor!
   647 | D:1      | Learned a level 2 spell: Call Imp
  1060 | D:1      | Gained mutation: You are afflicted with vampirism and can
                  | become a bat while bloodless. [Vampire growth]
  1060 | D:1      | Reached XP level 3. HP: 17/24 MP: 6/6
  1416 | D:2      | Reached skill level 1 in Long Blades
  2150 | D:3      | Reached XP level 4. HP: 30/30 MP: 7/7
  2196 | D:3      | Found Icisi's Weapon Emporium.
  2274 | D:3      | Found a runed translucent door.
  2275 | D:3      | Noticed Crazy Yiuf
  2346 | D:3      | Noticed Jessica
  2349 | D:3      | Learned a level 3 spell: Call Canine Familiar
  2357 | D:3      | Killed Jessica
  2656 | D:3      | Killed Crazy Yiuf
  2776 | D:4      | Reached skill level 1 in Fighting
  2776 | D:4      | Reached XP level 5. HP: 24/37 MP: 4/9
  2908 | D:4      | Noticed a necrophage
  2945 | D:4      | Killed a necrophage
  2946 | D:4      | Reached skill level 5 in Summonings
  2946 | D:4      | Reached XP level 6. HP: 31/43 MP: 7/10
  3033 | D:3      | Succumbed to a killer bee's poison

Illustrated notes

Levels and vault maps discovered:
D:1:      dpeg_arrival_tiny_a, layout_basic, ebering_ecumenical_altar_abandoned
D:2:      layout_basic, minmay_misc_feat_encased, kennysheep_generic_room_8
D:3:      layout_loops_ring, serial_shops, shop_fountains, st_stairs_8,
          uniq_crazy_yiuf_cottage, uniq_jessica
D:4:      layout_rooms, mainiacjoe_overflow_alcove_1, kennysheep_little_box,
          glass_columns_c, minmay_goblin_outpost

Skill      XL: |  1  2  3  4  5 |
---------------+----------------+-----
Long Blades    | 1 2 |  2.4
Dodging        | 3 |  3.9
Fighting       | 1 |  1.7
Spellcasting   | 3 |  3.2
Summonings     | 5 |  5.0
Stealth        | |  3.0

Action                   |  1- 3 |  4- 6 || total
-------------------------+-------+-------++-------
Melee: Quarterstaff      |    11 |       ||    11
       Long sword        |   112 |    22 ||   134
       Spear             |     5 |       ||     5
       Bite              |     8 |     8 ||    16
       Dagger            |       |    51 ||    51
 Cast: Summon Small Mamm |     4 |       ||     4
       Call Imp          |     2 |    10 ||    12
       Call Canine Famil |       |     4 ||     4
  Use: Potion            |       |     4 ||     4
 Stab: Sleeping          |     8 |       ||     8
       Distracted        |       |     1 ||     1
Armor: Robe              |    17 |       ||    17
       Leather armour    |    19 |    42 ||    61
Dodge: Dodged            |   105 |    85 ||   190

Table legend: (Time is in decaauts)
 A = Elapsed time spent in this place.
 B = Non-inter-level travel time spent in this place.
 C = Inter-level travel time spent in this place.
 D = Time resting spent in this place.
 E = Time spent auto-exploring this place.
 F = Levels seen in this place.
 G = Mean time per level.
                   A        B        C        D        E       F      G
               +--------+--------+--------+--------+--------+-----+--------+
         Total |   3078 |   2996 |     82 |      0 |   2249 |   4 |  769.5 |
       Dungeon |   3078 |   2996 |     82 |      0 |   2249 |   4 |  769.5 |
               +--------+--------+--------+--------+--------+-----+--------+

Top non-repeatable levels by time:
     D:2: 1156 daAuts
     D:3: 875 daAuts
     D:1: 787 daAuts
     D:4: 259 daAuts
